 Dungeon Crawl Stone Soup version 0.29.1-1-gd02db69 (webtiles) character file.

Game seed: 14595389751126245148

2891 Timinator the Insei (level 9, -10/72 HPs)
             Began as a Demigod Transmuter on Jan 14, 2023.
             Mangled by a two-headed ogre
             ... wielding a +0 giant spiked club
              (16 damage)
             ... on level 8 of the Dungeon on Jan 15, 2023.
             The game lasted 00:30:09 (7686 turns).

Timinator the Insei (Demigod Transmuter)            Turns: 7686, Time: 00:30:10

Health: -10/72     AC:  6    Str: 15    XL:     9   Next: 24%
Magic:  15/16      EV: 13    Int: 21    God:
Gold:   308        SH:  0    Dex: 22    Spells: 5/14 levels left

rFire   . . .      SeeInvis +     - Unarmed
rCold   . . .      Faith    .   (no shield)
rNeg    . . .      Spirit   .   m - +0 ring mail
rPois   .          Reflect  .   (helmet currently unavailable)
rElec   .          Harm     .   (no cloak)
rCorr   .          Rampage  .   h - +0 pair of gloves
Will    .....                   (boots currently unavailable)
Stlth   +.........              n - amulet of regeneration
HPRegen 1.02/turn               t - ring of see invisible
MPRegen 0.15/turn               J - +6 ring of intelligence

@: appendages
A: horns 2, talons 2, high MP 1, forlorn, divine attributes
a: End Transformation


You were on level 8 of the Dungeon.
You had temporarily grown beastly horns and talons.
You visited 1 branch of the dungeon, and saw 8 of its levels.

You collected 308 gold pieces.

Inventory:

Hand Weapons
 E - the +12 long sword "Jaigha Buar" {holy, Str+4}
   (You found it on level 6 of the Dungeon)

   It has been blessed by the Shining One to cause great damage to the undead
   and demons.
   Str:       It affects your strength (+4).
Missiles
 I - a throwing net
Armour
 h - a +0 pair of gloves (worn)
 m - a +0 ring mail (worn)
 A - the +1 helmet "Ferat" {rPois rF- rCorr Str+3}
   (You found it on level 5 of the Dungeon)

   Str:       It affects your strength (+3).
   rF:        It makes you vulnerable to fire.
   rPois:     It protects you from poison.
   rCorr:     It protects you from acid and corrosion.
 G - a +0 troll leather armour
Jewellery
 n - an amulet of regeneration (around neck)
 t - a ring of see invisible (left hand)
 J - a +6 ring of intelligence (right hand)
Wands
 q - a wand of charming (14)
 u - a wand of digging (6)
 x - a wand of mindburst (7)
 y - a wand of quicksilver (8)
 F - a wand of flame (32)
Scrolls
 a - 2 scrolls of torment {unknown}
 c - 2 scrolls of poison {unknown}
 d - 3 scrolls of fear
 k - a scroll of immolation {unknown}
 l - 5 scrolls of teleportation
 o - a scroll of vulnerability {unknown}
 p - 2 scrolls of amnesia {unknown}
 s - a scroll of noise {unknown}
 w - a scroll of enchant armour {unknown}
 C - 2 scrolls of magic mapping {unknown}
Potions
 b - 4 potions of lignification
 e - 3 potions of attraction
 f - 2 potions of heal wounds
 g - 3 potions of curing
 i - a potion of brilliance
 j - a potion of might
 r - 5 potions of cancellation
 v - a potion of ambrosia
 z - 3 potions of flight
 B - 2 potions of mutation
 D - a potion of haste
 H - a potion of berserk rage


   Skills:
 + Level 4.4 Fighting
 - Level 3.0 Armour
 + Level 4.7 Dodging
 * Level 7.1 Unarmed Combat
 - Level 3.0 Spellcasting
 * Level 6.0 Transmutations
 - Level 3.0 Ice Magic


You had 5 spell levels left.
You knew the following spells:

 Your Spells              Type           Power      Damage    Failure   Level
a - Beastly Appendage     Tmut           56%        N/A       2%          1
b - Wereblood             Tmut           28%        N/A       3%          2
c - Ice Form              Ice/Tmut       22%        N/A       36%         4
d - Passwall              Tmut/Erth      12%        N/A       11%         2

Your spell library contained the following spells:

 Spells                   Type           Power      Damage    Failure   Level
 Ensorcelled Hibernation  Hex/Ice        18%        N/A       21%         2
 Spider Form              Tmut/Pois      15%        N/A       22%         3
 Foxfire                  Conj/Fire      12%        2x1d4     26%         1
 Summon Small Mammal      Summ           12%        N/A       26%         1
 Blink                    Tloc           6%         N/A       36%         2
 Call Canine Familiar     Summ           3%         N/A       58%         3
 Conjure Flame            Conj/Fire      3%         6-21      58%         3
 Inner Flame              Hex/Fire       3%         N/A       58%         3
 Summon Guardian Golem    Hex/Summ       3%         N/A       58%         3
 Swiftness                Air            3%         N/A       58%         3
 Tukima's Dance           Hex            3%         N/A       58%         3
 Yara's Violent Unravell  Hex/Tmut       7%         3d5       90%         5
 Flame Wave               Conj/Fire      3%         2d5       94%         4
 Passage of Golubria      Tloc           3%         N/A       94%         4
 Iskenderun's Battlesphe  Conj           3%         2d6       100%        5
 Manifold Assault         Tloc           3%         N/A       100%        5
 Iron Shot                Conj/Erth      1%         9d1       100%        6
 Spellforged Servitor     Conj/Summ      1%         N/A       100%        7
 Storm Form               Tmut/Air       7%         N/A       100%        7


Dungeon Overview and Level Annotations

Branches:
Dungeon (8/15)             Temple (0/1) D:5
   Lair: D:8-11

Shops:
D:1 ::[(=   D:5 :   D:6 (=


Innate Abilities, Weirdness & Mutations

You have temporarily grown beastly horns and talons.
You have an increased reservoir of magic. (+10% MP)
You shall have no god before yourself.
Your divine heritage dramatically boosts your attributes as you level up.


Message History

The puff of flame hits the two-headed ogre.
The two-headed ogre is lightly wounded.
Aiming: Mindburst
Press: ? - help, Shift-Dir - straight line, f/p - two-headed ogre
Aim: a two-headed ogre, wielding two +0 giant spiked clubs (lightly wounded, chance to affect: 47%)
Okay, then.
Aiming: Quicksilver Bolt
Press: ? - help, Shift-Dir - straight line, f/p - two-headed ogre
Aim: a two-headed ogre, wielding two +0 giant spiked clubs (lightly wounded, 86% to hit)
Okay, then.
Aiming: Throw Flame
Press: ? - help, Shift-Dir - straight line, f/p - two-headed ogre
Aim: a two-headed ogre, wielding two +0 giant spiked clubs (lightly wounded, 85% to hit)
The puff of flame hits the two-headed ogre.
The two-headed ogre is lightly wounded.
Unknown command.
Casting: Wereblood (safe; 3% risk of failure)
Confirm with . or Enter, or press ? or * to list all spells.
Okay, then.
There is a stone staircase leading up here.
Aiming: Quicksilver Bolt
Press: ? - help, Shift-Dir - straight line, f/p - two-headed ogre
Aim: a two-headed ogre, wielding two +0 giant spiked clubs (lightly wounded, 86% to hit)
The bolt of dispelling energy hits the two-headed ogre!
The two-headed ogre is moderately wounded.
Casting: Wereblood (safe; 3% risk of failure)
Confirm with . or Enter, or press ? or * to list all spells.
You grow a pair of large bovine horns.
Your feet morph into talons.
You punch the two-headed ogre! You headbutt the two-headed ogre.
The two-headed ogre is heavily wounded.
You punch the two-headed ogre! You claw the two-headed ogre.
The two-headed ogre is severely wounded.
The two-headed ogre hits you with a +0 giant spiked club!!!
Ouch! That really hurt!
The two-headed ogre hits you with a +0 giant spiked club!!
* * * LOW HITPOINT WARNING * * *
You barely miss the two-headed ogre. You claw the two-headed ogre.
The two-headed ogre is almost dead.
The two-headed ogre hits you with a +0 giant spiked club!
You die...

#.#
########.#
#...O....#
#.##########
#.#.........
##....######.
#.....#
#O###.#
#@....#
#.....#
#####.# #.#
.#


You could see a two-headed ogre.

Vanquished Creatures
  A troll (D:7)
  Sigmund (D:6)
  A wyvern (D:6)
  A water moccasin (D:7)
  An ice beast (D:6)
  An orc warrior (D:6)
  A sky beast (D:6)
  4 ogres
  A centaur (D:5)
  A phantom (D:6)
  2 gnoll sergeants
  A necrophage (D:4)
  5 scorpions
  A howler monkey (D:6)
  A jelly (D:6)
  5 orc priests
  2 hounds (D:6)
  A gnoll bouda (D:7)
  4 iguanas
  6 orc wizards
  19 gnolls
  11 adders
  A shadow imp (D:6)
  A white imp (D:7)
  3 ufetubi
  A worm (D:4)
  A dart slug (D:1)
  38 orcs
  9 ball pythons
  5 bats
  13 endoplasms
  3 giant cockroaches
  9 goblins
  11 hobgoblins
  5 jackals
  5 quokkas
  5 frilled lizards
  15 kobolds
  2 rats
198 creatures vanquished.

Notes
Turn   | Place    | Note
-------+----------+-------------------------------------------
     0 | D:1      | Timinator the Demigod Transmuter began the quest for the
                  | Orb.
     0 | D:1      | Reached XP level 1. HP: 15/15 MP: 5/5
   144 | D:1      | Found Nita's Armour Shoppe.
   193 | D:1      | Found Zobbayje's Jewellery Shop.
   327 | D:1      | Found Ryelu's Antique Weapon Shoppe.
   341 | D:1      | Reached skill level 1 in Fighting
   515 | D:1      | Reached XP level 2. HP: 13/23 MP: 7/7
   843 | D:1      | Found Evo Icze's Book Boutique.
  1201 | D:1      | Found Pieniuff's Book Shoppe.
  1216 | D:1      | Reached skill level 3 in Unarmed Combat
  1322 | D:1      | Reached XP level 3. HP: 24/28 MP: 7/9
  2493 | D:3      | Learned a level 2 spell: Wereblood
  2498 | D:3      | Reached skill level 1 in Armour
  2520 | D:3      | Reached XP level 4. HP: 14/35 MP: 8/10
  2916 | D:3      | Learned a level 4 spell: Ice Form
  3637 | D:4      | Reached XP level 5. HP: 27/40 MP: 10/12
  3939 | D:4      | Reached skill level 4 in Unarmed Combat
  3939 | D:4      | Reached XP level 6. HP: 48/48 MP: 10/13
  4487 | D:5      | Entered Level 5 of the Dungeon
  4533 | D:5      | Reached XP level 7. HP: 32/56 MP: 14/14
  4819 | D:5      | Reached skill level 5 in Unarmed Combat
  5009 | D:5      | Identified the +1 helmet "Ferat" {rPois rF- rCorr Str+3}
  5193 | D:5      | Found a staircase to the Ecumenical Temple.
  5198 | D:5      | Found Kieddaot's Self-Improvement Boutique.
  5372 | D:5      | Reached skill level 1 in Ice Magic
  5571 | D:6      | Found Bagaon's Antique Weapon Shoppe.
  5605 | D:6      | Reached XP level 8. HP: 51/63 MP: 12/15
  5822 | D:6      | Reached skill level 6 in Unarmed Combat
  5866 | D:6      | Identified the +12 long sword "Jaigha Buar" {holy, Str+4}
  5944 | D:6      | Noticed Sigmund
  5952 | D:6      | Killed Sigmund
  5953 | D:6      | Reached skill level 5 in Transmutations
  6199 | D:6      | Found Zuxusen's Jewellery Shop.
  6538 | D:7      | Learned a level 2 spell: Passwall
  6625 | D:7      | Noticed a troll
  6632 | D:7      | Killed a troll
  6633 | D:7      | Reached XP level 9. HP: 62/71 MP: 14/16
  7214 | D:7      | Reached skill level 7 in Unarmed Combat
  7655 | D:8      | Noticed a two-headed ogre
  7686 | D:8      | Mangled by a two-headed ogre

Illustrated notes

Levels and vault maps discovered:
D:1:      eino_arrival_water_star, layout_loops_corners, serial_shops, shop,
          shop, nicolae_shop_crystal, shop, shop
D:2:      layout_basic
D:3:      layout_basic, hellmonk_ecumenical_altar_heavens_door,
          kennysheep_generic_room_7
D:4:      layout_loops_ring, minitemple
D:5:      corexii_shantytown, layout_gridville,
          minmay_temple_entry_glassed_door, nicolae_shop_self_help
D:6:      layout_loops_ring, mainiacjoe_overflow_small_starburst, serial_shops,
          kennysheep_little_box, shop_fountains, minmay_tree_intersection,
          uniq_sigmund
D:7:      layout_loops_corners
D:8:      layout_basic, overflow_temple_1_default,
          nicolae_looking_at_the_future, uniq_pikel

Skill      XL: |  1  2  3  4  5  6  7  8  9 |
---------------+----------------------------+-----
Fighting       | 1 2 3 4 |  4.4
Spellcasting   | 2 3 |  3.0
Transmutations | 2 3 4 5 6 |  6.0
Unarmed Combat | 3 4 5 6 7 |  7.1
Dodging        | 2 3 4 |  4.7
Armour         | 1 2 3 |  3.0
Ice Magic      | 1 2 3 |  3.0

Action                   |  1- 3 |  4- 6 |  7- 9 || total
-------------------------+-------+-------+-------++-------
Melee: Unarmed           |   140 |   155 |   322 ||   617
       Kick              |    23 |    34 |   104 ||   161
       Headbutt          |    13 |    23 |    65 ||   101
       Punch             |     1 |     3 |     9 ||    13
 Cast: Beastly Appendage |    28 |    24 |    49 ||   101
       Wereblood         |     1 |     4 |    13 ||    18
Evoke: Wand              |       |       |    12 ||    12
  Use: Potion            |     1 |       |     1 ||     2
       Scroll            |       |     6 |     7 ||    13
 Stab: Sleeping          |     1 |     1 |       ||     2
Armor: Robe              |    18 |       |       ||    18
       Leather armour    |    10 |    33 |       ||    43
       Skin              |     1 |     5 |       ||     6
       Ring mail         |       |       |    62 ||    62
Dodge: Dodged            |    65 |    64 |   159 ||   288
